 Dungeon Crawl Stone Soup version 0.21-a0-207-g4a9efaf (webtiles) character file.

175 namelastname112 the Ducker (level 5, -4/32 HPs)
             Began as a Tengu Gladiator on Aug 20, 2017.
             Slain by an ogre
             ... wielding a +0 giant club
              (24 damage)
             ... on level 4 of the Dungeon.
             The game lasted 00:03:05 (2495 turns).

namelastname112 the Ducker (Tengu Gladiator)        Turns: 2495, Time: 00:03:06

Health: -4/32      AC:  6    Str: 17    XL:     5   Next: 55%
Magic:  6/6        EV: 14    Int:  9    God:
Gold:   188        SH:  0    Dex: 16    Spells: 4/4 levels left

rFire    . . .     SeeInvis +   a - +0 long sword
rCold    . . .     Gourm    .   (no shield)
rNeg     . . .     Faith    .   b - +0 leather armour
rPois    .         Spirit   .   c - +0 hat
rElec    .         Reflect  .   (no cloak)
rCorr    .         Harm     .   o - +2 pair of gloves {Str+3}
MR       .....                  (boots unavailable)
Stlth    +.........             (no amulet)
HPRegen  0.10/turn              h - ring of see invisible
MPRegen  0.10/turn              (no ring)

@: no status effects
A: beak, talons 3, able to fly 1
a: Fly


You were on level 4 of the Dungeon.
You were not hungry.

You visited 1 branch of the dungeon, and saw 4 of its levels.

You collected 188 gold pieces.

Inventory:

Hand Weapons
 a - a +0 long sword (weapon)
Missiles
 d - 3 throwing nets (quivered)
Armour
 b - a +0 leather armour (worn)
 c - a +0 hat (worn)
 o - a +2 pair of gloves of strength (worn)
Jewellery
 h - a ring of see invisible (left hand)
Scrolls
 e - a scroll of remove curse
 j - a scroll of amnesia {unknown}
 k - 2 scrolls of identify {unknown}
 m - a scroll of fear {unknown}
 n - a scroll of noise {unknown}
 p - a scroll of magic mapping {unknown}
 r - a scroll of teleportation {unknown}
 s - 3 scrolls of recharging {unknown}
Potions
 l - a potion of flight {unknown}
 q - a potion of curing {unknown}
Comestibles
 f - 2 bread rations
 g - 2 meat rations
 i - 2 royal jellies
 t - 2 chunks of flesh


   Skills:
 + Level 3.0 Fighting
 + Level 4.1 Long Blades
 + Level 2.7 Throwing
 + Level 2.1 Armour
 + Level 4.4 Dodging


You had 4 spell levels left.
You didn't know any spells.

Dungeon Overview and Level Annotations

Branches:
Dungeon (4/15)
 Temple: D:4-7

Altars:
Ashenzari
Qazlal
Wu Jian
Zin
The Shining One


Innate Abilities, Weirdness & Mutations

You have a beak for a mouth.
You have claws for feet.
You can fly.


Message History

You kill the frilled lizard!
No target in view!
No target in view!
An ogre comes into view. It is wielding a giant club.
The ogre moves out of view.
Found 30 sling bullets.
The ogre is too close now for your liking.
An ogre is nearby!
No reachable target in view!
No reachable target in view!
The ogre hits you with a giant club!
You take 12 damage, and have 20/32 hp.
MASSIVE DAMAGE!!
You closely miss the ogre. You claw the ogre. You peck the ogre.
The ogre is moderately wounded.
The ogre closely misses you.
You barely miss the ogre. Your kick misses the ogre.
The ogre is moderately wounded.
The ogre hits you with a giant club!!
Ouch! That really hurt!
You die...

..... (.....
###.....#
#........
#.#......
######†.......
#.....<.......
#..##.##...#......
#......@O........#
#.###.....###...##
..#####_#####.....
..###.....###..###
..........!....[.
##.###..##...=...
#. #..# ...#... #
#..# #..#..


You could see an ogre.

Vanquished Creatures
  Jessica (D:3)
  6 adders
  2 worms (D:2)
  2 dart slugs
  6 leopard geckos
  A ball python (D:2)
  9 giant cockroaches
  7 goblins
  10 hobgoblins
  A quokka (D:2)
  7 bats
  7 frilled lizards
  9 kobolds
  10 rats
78 creatures vanquished.

Notes
Turn   | Place    | Note
-------+----------+-------------------------------------------
     0 | D:1      | namelastname112 the Tengu Gladiator began the quest for the Orb.
     0 | D:1      | Reached XP level 1. HP: 12/12 MP: 2/2
   104 | D:1      | Reached XP level 2. HP: 17/17 MP: 3/3
   504 | D:2      | Reached XP level 3. HP: 18/21 MP: 4/4
   520 | D:2      | HP: 1/21 [adder (2)]
   520 | D:2      | Reached skill level 1 in Armour
   828 | D:2      | Reached XP level 4. HP: 24/27 MP: 5/5
  1342 | D:3      | Gained mutation: You can fly. [Tengu growth]
  1342 | D:3      | Reached XP level 5. HP: 20/32 MP: 6/6
  1508 | D:3      | Noticed Jessica
  1536 | D:3      | Killed Jessica
  1897 | D:3      | Found an ornate altar of the Wu Jian Council.
  2113 | D:3      | Found a glowing silver altar of Zin.
  2280 | D:3      | Found a stormy altar of Qazlal.
  2281 | D:3      | Found a glowing golden altar of the Shining One.
  2480 | D:4      | Found a shattered altar of Ashenzari.
  2482 | D:4      | Noticed an ogre
  2495 | D:4      | Slain by an ogre

Vault maps used:
D:1:      evilmike_arrival_fibonacci_small
D:3:      minmay_diamond_boxcup, marbit_many_paths, lemuel_doored_altar,
          gammafunk_temple_overflow_pools, uniq_jessica
D:4:      cheibrodos_ashenzari_chains, temple_green, serial_shops, shop_statue

Skill      XL: |  1  2  3  4  5 |
---------------+----------------+-----
Armour         | 1 2 |  2.1
Dodging        | 4 |  4.4
Long Blades    | 4 |  4.1
Fighting       | 3 |  3.0
Throwing       | |  2.7

Action                   |  1- 3 |  4- 6 || total
-------------------------+-------+-------++-------
Melee: Long sword        |    54 |    82 ||   136
       Kick              |    13 |    22 ||    35
       Peck              |     8 |    15 ||    23
  Use: Scroll            |     2 |       ||     2
       Potion            |     2 |       ||     2
 Stab: Sleeping          |     1 |     3 ||     4
       Distracted        |       |     1 ||     1
  Eat: Chunk             |       |     5 ||     5
Armor: Leather armour    |    13 |    26 ||    39
Dodge: Dodged            |    33 |    71 ||   104
       Rpst.: Long sword |    13 |    18 ||    31
